 Dungeon Crawl Stone Soup version 0.27.1-34-g3ba077fa99 (webtiles) character file.

Game seed: 11412500075547675088

206408 Delamore the Unseen (level 18, -4/108 HPs)
             Began as an Octopode Brigand on Feb 2, 2022.
             Was the Champion of Dithmenos.
             Hit by a silver javelin thrown by a merfolk javelineer (25 damage)
             ... on level 3 of the Shoals.
             The game lasted 01:47:33 (34897 turns).

Delamore the Unseen (Octopode Brigand)             Turns: 34897, Time: 01:47:33

Health: -4/108     AC: 11    Str: 15    XL:     18   Next: 71%
Magic:  38/38      EV: 23    Int: 30    God:    Dithmenos [******]
Gold:   1702       SH:  6    Dex: 17    Spells: 10/31 levels left

rFire    + + .     SeeInvis +   y - +3 Elemental Staff {rElec rF++ rC++ Will++ AC+5}
rCold    + + +     Faith    .   N - +0 buckler of Het Odie {rC+ rN+}
rNeg     + . .     Spirit   .   S - +1 hat of Beogh's Regard {Str+3}
rPois    .         Reflect  .   f - amulet of regeneration
rElec    +         Harm     .   g - ring of willpower
rCorr    .         Rampage  .   t - +6 ring of intelligence
Will     ++++.                  v - +4 ring of protection Stlth *******+++
                                G - +4 ring of evasion
HPRegen  1.28/turn              K - ring of magical power
MPRegen  0.26/turn              Q - ring of protection from fire
                                h - ring of Fumai {Fly Int+6}
                                a - ring of Yfulyboa {Ice Int+2 SInv}

@: flying, wreathed by umbra
A: almost no armour, amphibious, 8 rings, camouflage 1, gelatinous body 1,
(nimble swimmer 1), tentacles
}: 1/15 runes: gossamer
a: Renounce Religion, Shadow Step, Shadow Form


You were on level 3 of the Shoals.
You worshipped Dithmenos.
Dithmenos was exalted by your worship.
You visited 6 branches of the dungeon, and saw 31 of its levels.
You also visited: Gauntlet and Ice Cave.

You collected 3211 gold pieces.
You spent 1509 gold pieces at shops.

Inventory:

Hand Weapons
 y - the +3 Elemental Staff (weapon) {rElec rF++ rC++ Will++ AC+5}
   (You acquired it on level 5 of the Dungeon)

   If the wielder is skilled in Evocations, they can discharge powerful blasts
   of elemental energy when striking with it.
   It enhances your fire, ice, earth and air magic.
   AC:        It affects your AC (+5).
   rF:        It greatly protects you from fire.
   rC:        It greatly protects you from cold.
   rElec:     It insulates you from electricity.
   Will:      It greatly increases your willpower.
Missiles
 b - 29 poisoned darts (quivered)
 m - 2 throwing nets
 s - 60 boomerangs
 I - 8 silver boomerangs
 T - 13 silver javelins
Armour
 x - a +1 kite shield of poison resistance
 N - the +0 buckler of Het Odie (worn) {rC+ rN+}
   (You bought it in a shop on level 9 of the Dungeon)

   rC:        It protects you from cold.
   rN:        It protects you from negative energy.
 S - the +1 hat of Beogh's Regard (worn) {Str+3}
   (You found it in a Gauntlet)

   Str:       It affects your strength (+3).
Jewellery
 a - the ring of Yfulyboa (on tentacle) {Ice Int+2 SInv}
   (You found it in a Gauntlet)

   [ring of ice]

   It enhances your ice magic.
   Int:       It affects your intelligence (+2).
   rF:        It makes you vulnerable to fire.
   rC:        It protects you from cold.
   SInv:      It lets you see invisible.
 f - an amulet of regeneration (around mantle)
 g - a ring of willpower (left tentacle)
 h - the ring of Fumai (on tentacle) {Fly Int+6}
   (You bought it in a shop on level 2 of the Orcish Mines)

   [ring of intelligence]

   Int:       It affects your intelligence (+6).
   Fly:       It grants you flight.
 t - a +6 ring of intelligence (right tentacle)
 v - a +4 ring of protection (on tentacle)
 B - a ring of positive energy
 G - a +4 ring of evasion (on tentacle)
 K - a ring of magical power (on tentacle)
 M - an amulet of reflection
 Q - a ring of protection from fire (on tentacle)
Wands
 c - a wand of mindburst (13)
 C - a wand of digging (20)
 D - a wand of flame (52)
 E - a wand of acid (6)
 J - a wand of paralysis (17)
 R - a wand of iceblast (18)
Scrolls
 e - 2 scrolls of fog
 i - 19 scrolls of teleportation
 k - 2 scrolls of summoning
 n - 5 scrolls of enchant weapon
 o - 3 scrolls of brand weapon
 r - 3 scrolls of fear
 F - a scroll of silence
 L - 4 scrolls of enchant armour
 P - 7 scrolls of identify
 U - 3 scrolls of immolation
 V - a scroll of magic mapping
 X - a scroll of amnesia
 Y - a scroll of holy word
Potions
 d - 12 potions of ambrosia
 l - 5 potions of might
 q - 6 potions of curing
 u - 2 potions of mutation
 w - 7 potions of haste
 z - 4 potions of resistance
 A - 2 potions of brilliance
 H - a potion of berserk rage
 W - 3 potions of cancellation
 Z - 3 potions of invisibility
Miscellaneous
 j - a lightning rod (4/4)
 p - a condenser vane
 O - a phial of floods


   Skills:
 - Level 5.0 Fighting
 - Level 4.3 Short Blades
 - Level 12.0 Staves
 - Level 12.3 Throwing
 - Level 10.0 Dodging
 - Level 20.0 Stealth
 + Level 8.1 Shields
 - Level 7.4 Spellcasting
 + Level 5.3 Conjurations
 - Level 9.7 Translocations
 + Level 14.0 Ice Magic
 - Level 15.0 Evocations


You had 10 spell levels left.
You knew the following spells:

 Your Spells              Type           Power      Damage    Failure   Level
a - Ozocubu's Refrigerat  Ice            60%        4d17      12%         7
b - Ozocubu's Armour      Ice            100%       N/A       1%          3
c - Teleport Other        Tloc           62%        N/A       1%          3
d - Hailstorm             Conj/Ice       100%       3d20      1%          4
e - Ice Form              Ice/Tmut       88%        N/A       2%          4

Your spell library contained the following spells:

 Spells                   Type           Power      Damage    Failure   Level
 Gell's Gravitas          Tloc           31%        N/A       1%          3
 Lesser Beckoning         Tloc           31%        N/A       1%          3
 Portal Projectile        Hex/Tloc       80%        N/A       1%          3
 Passage of Golubria      Tloc           N/A        N/A       1%          4
 Summon Ice Beast         Ice/Summ       88%        N/A       2%          4
 Manifold Assault         Tloc           62%        N/A       2%          5
 Animate Skeleton         Necr           22%        N/A       4%          1
 Pain                     Necr           44%        1d6       4%          1
 Sting                    Tmut/Pois      44%        1d5       4%          1
 Corpse Rot               Necr/Air       N/A        N/A       7%          2
 Poisonous Vapours        Pois/Air       32%        N/A       7%          2
 Sublimation of Blood     Necr           5%         N/A       7%          2
 Metabolic Englaciation   Hex/Ice        44%        N/A       7%          5
 Confusing Touch          Hex            11%        N/A       14%         3
 Inner Flame              Hex/Fire       16%        N/A       14%         3
 Vampiric Draining        Necr           5%         2d6       14%         3
 Simulacrum               Ice/Necr       44%        N/A       36%         6
 Irradiate                Conj/Tmut      13%        3d17      38%         5
 Dispel Undead            Necr           11%        3d9       41%         4
 Olgreb's Toxic Radiance  Pois           11%        N/A       41%         4
 Petrify                  Tmut/Erth      16%        N/A       41%         4
 Summon Lightning Spire   Summ/Air       16%        N/A       41%         4
 Agony                    Necr           11%        N/A       77%         5
 Excruciating Wounds      Necr           5%         N/A       77%         5
 Summon Mana Viper        Hex/Summ       11%        N/A       77%         5
 Disjunction              Tloc           31%        N/A       99%         8
 Death Channel            Necr           5%         N/A       100%        6
 Monstrous Menagerie      Summ           5%         N/A       100%        7
 Storm Form               Tmut/Air       8%         N/A       100%        7
 Maxwell's Capacitive Co  Air            8%         ∞         100%        8


Dungeon Overview and Level Annotations

Branches:
Dungeon (15/15)            Temple (1/1) D:7            Lair (6/6) D:10
 Shoals (3/4) Lair:2       Spider (4/4) Lair:2        Slime (0/5) Lair:5
    Orc (2/2) D:9             Elf (0/3) Orc:2        Vaults (0/5) D:13
 Depths (0/5) D:15          IceCv (visited)         Gauntlet (visited)

Altars:
Ashenzari
Cheibriados
Dithmenos
Elyvilon
Fedhas
Gozag
Hepliaklqana
Kikubaaqudgha
Makhleb
Nemelex Xobeh
Okawaru
Qazlal
Ru
Sif Muna
Trog
Uskayaw
Vehumet
Wu Jian
Xom
Yredelemnul
Zin
The Shining One
Beogh

Shops:
D:4 !   D:5 *   D:9 *   Orc:2 ****   Shoals:2 [

Annotations:
D:15 4 runed translucent doors, exclusion: orange crystal statue, Uvinaotu's ghost, journeyman MiFi


Innate Abilities, Weirdness & Mutations

You cannot wear most types of armour.
You are amphibious.
You can wear up to eight rings at the same time.
Your skin changes colour to match your surroundings (Stealth+).
Your rubbery body absorbs attacks. (AC +1, EV +1)
((You are camouflaged near water. (Stealth+)))
You have tentacles for arms and can constrict up to eight enemies at once.


Message History

Your shadow hits the merfolk with a staff.
You constrict the merfolk.
The merfolk javelineer throws a silver javelin.
The silver javelin pierces through you!
You hit the merfolk.
The merfolk is severely wounded.
Your shadow hits the merfolk with a staff.
You constrict the merfolk. You block the merfolk's attack.
You hit the merfolk but do no damage. You burn the merfolk!
You kill the merfolk!
Dithmenos accepts your kill.
The merfolk javelineer throws a silver javelin.
The silver javelin completely misses you.
The merfolk javelineer throws a silver javelin.
The silver javelin pierces through you!
You emit a cloud of dark smoke.
You see here a +0 trident.
A harpy comes into view.
The merfolk javelineer throws a silver javelin.
The silver javelin pierces through you!
You emit a cloud of dark smoke.
You are too injured to fight recklessly!
You are too injured to fight recklessly!
You are too injured to fight recklessly!
You are too injured to fight recklessly!
You are too injured to fight recklessly!
You are too injured to fight recklessly!
Found 21 gold pieces.
The merfolk javelineer misses you.
You see here 19 gold pieces.
The merfolk javelineer throws a silver javelin.
The silver javelin pierces through you!
* * * LOW HITPOINT WARNING * * *
x2
Press: ? - help, v - describe, . - travel
Here: a merfolk javelineer, wielding a +0 spear, wearing a +0 leather armour and quivering silver javelins (black smoke, umbra)
The floor.
Aiming: Paralyse
Press: ? - help, Shift-Dir - straight line, f - merfolk javelineer
Aim: a merfolk javelineer, wielding a +0 spear, wearing a +0 leather armour and quivering silver javelins (black smoke, umbra, chance to affect: 47%)
The merfolk javelineer resists with some effort.
The merfolk javelineer throws a silver javelin.
The silver javelin pierces through you!!
You die...

≈P.# ##..§§§§§≈≈≈≈≈≈.
≈≈.# #..≈§§§§§≈≈≈≈≈≈.
..P# #...§§§§§§§≈≈.≈≈
≈..#####...§§§§§...≈.≈≈
≈P....#....§§§§§§§.^.≈≈
≈≈.P.....≈/§§§§§§§...≈≈
≈≈†.≈≈≈≈≈≈≈§≈§§§§§§.≈≈≈
≈≈≈≈P≈≈≈###≈≈§§§§§§.≈≈≈
≈≈≈≈≈≈### ##≈≈§§@§§.≈≈.
≈≈≈≈≈## $≈≈≈≈≈§§m§§.≈≈.
≈≈≈≈## ≈≈≈≈≈≈≈.....≈≈.
≈≈≈≈# ≈≈≈≈≈≈#......≈≈
≈≈≈## ≈≈≈≈≈≈##.......#
≈≈≈ ≈≈≈≈≈≈ #......##
≈≈≈≈≈≈ #≈≈...... ≈≈≈
≈≈≈......


You could see a merfolk javelineer.

Vanquished Creatures
  Nikola (Spider:1)
  Rupert (D:13)
  Kirke (Spider:1)
  The ghost of Jisity the Bludgeoner, an adept HuFi of Okawaru (Orc:1)
  5 ghost moths
  The ghost of barkas the Spear-Bearer, a journeyman CeMo of Okawaru (Orc:1)
  7 emperor scorpions
  The ghost of Potutehi the Blocker, a journeyman DDFi of Makhleb (Orc:1)
  A reaper (IceCv)
  2 entropy weavers (Spider:2)
  A minotaur (Gauntlet)
  2 spark wasps
  Nessos (D:13)
  Snorg (D:13)
  2 merfolk javelineers
  2 ettins
  2 eleionomae (Shoals:1)
  A merfolk impaler (Shoals:2)
  Harold (D:7)
  2 ghost crabs (Spider:1)
  9 hydras
  3 boulder beetles
  3 catoblepae
  3 merfolk avatars (Shoals:1)
  8 centaur warriors
  An ogre mage (D:15)
  A tengu warrior (D:15)
  8 two-headed ogres
  3 satyrs (Shoals:1)
  2 death yaks (Lair:4)
  A death scarab (Gauntlet)
  A spectral death yak (Gauntlet)
  9 skeletal warriors
  2 sea snakes (Shoals:2)
  A deep troll (D:15)
  Pikel (D:7)
  2 lindwurms (Lair:4)
  A wizard (D:14)
  17 harpies
  2 necromancers (D:15)
  14 orb spiders
  An orc knight (D:13)
  3 deep elf pyromancers
  8 orc sorcerers
  23 wolf spiders
  6 ugly things
  4 cyclopes
  9 manticores
  20 fauns
  A worldbinder (Gauntlet)
  6 black mambas
  2 ice statues (IceCv)
  4 merfolk sirens
  10 elephants
  A torpor snail (Lair:3)
  A molten gargoyle (Gauntlet)
  5 water nymphs
  2 gargoyles
  Joseph (D:7)
  An eye of devastation (Lair:5)
  20 cane toads
  An unseen horror (D:11)
  24 demonic crawlers
  7 komodo dragons
  Maggie (D:7)
  An efreet (D:13)
  A freezing wraith (IceCv)
  6 rime drakes
  A tengu conjurer (D:13)
  5 ice devils (IceCv)
  14 merfolk
  5 trolls
  19 jumping spiders
  2 queen bees
  7 polar bears (Lair:6)
  9 meliai
  14 hornets
  4 tyrant leeches (Spider:1)
  2 wind drakes
  Prince Ribbit (D:7)
  2 snapping turtles
  17 blink frogs
  6 slime creatures (D:14)
  5 dream sheep (Lair:6)
  A centaur simulacrum (D:15)
  12 spriggans (Lair:6)
  41 redbacks
  11 tarantellas
  A vampire (D:8)
  A water elemental (Shoals:2)
  2 shadows
  16 humans (D:13)
  4 basilisks
  62 yaks
  8 wyverns
  4 wraiths
  A dire elephant simulacrum (IceCv)
  A steam dragon (D:9)
  9 vampire mosquitoes
  2 death yak simulacra (IceCv)
  6 wargs
  14 water moccasins
  A floating eye (Lair:5)
  3 black bears
  14 orc warriors
  An ice beast (D:7)
  6 ogres
  4 sky beasts
  6 boggarts
  27 centaurs
  33 wolves
  2 lemures (D:7)
  15 bullfrogs
  A kobold brigand (D:7)
  3 two-headed ogre simulacra (D:13)
  2 cane toad simulacra (IceCv)
  3 water moccasin zombies (D:5)
  4 scorpions
  3 water moccasin skeletons
  67 killer bees
  2 elephant simulacra
  A vampire bat (D:11)
  7 wights
  2 howler monkeys (D:12)
  2 electric eels
  2 centaur zombies
  2 bullfrog zombies (D:5)
  A gnoll shaman (D:6)
  6 orc priests
  2 centaur skeletons
  A jelly (D:8)
  2 bullfrog skeletons (D:5)
  Natasha (D:3)
  2 iguanas
  A scorpion zombie (D:5)
  40 orc wizards
  3 troll simulacra (IceCv)
  4 spriggan simulacra
  A wolf simulacrum (IceCv)
  2 polar bear simulacra
  2 hound skeletons (D:5)
  8 gnolls
  4 naga simulacra
  4 adders
  3 white imps
  4 ufetubi
  An adder skeleton (D:5)
  A dart slug (D:1)
  88 orcs
  3 ball pythons
  4 bat skeletons (D:11)
  2 bat zombies (D:11)
  3 endoplasms
  6 giant cockroaches
  4 goblins
  5 hobgoblins
  5 quokkas
  12 kobolds
  2 rats
1046 creatures vanquished.

Vanquished Creatures (others)
  An orb spider (Spider:1)
  A meliai (Spider:4)
  A sky beast (D:7)
  A kobold (D:7)
  37 fungi
  73 plants
114 creatures vanquished.

Grand Total: 1160 creatures vanquished

Notes
Turn   | Place    | Note
-------+----------+-------------------------------------------
     0 | D:1      | Delamore the Octopode Brigand began the quest for the Orb.
     0 | D:1      | Reached XP level 1. HP: 14/14 MP: 1/1
   467 | D:1      | Reached skill level 6 in Stealth
   467 | D:1      | Reached XP level 2. HP: 19/19 MP: 2/2
  1170 | D:2      | Reached XP level 3. HP: 18/24 MP: 3/3
  1252 | D:2      | Found a faded altar of an unknown god.
  2105 | D:3      | Noticed Natasha
  2112 | D:3      | Killed Natasha
  2113 | D:3      | Reached skill level 7 in Stealth
  2113 | D:3      | Reached XP level 4. HP: 29/29 MP: 4/4
  2598 | D:4      | Reached XP level 5. HP: 16/34 MP: 5/5
  3179 | D:4      | HP: 1/34 [iguana (11)]
  3193 | D:4      | Reached skill level 8 in Stealth
  3376 | D:4      | Found Zent's Distillery.
  3382 | D:4      | Bought a potion of curing for 30 gold pieces
  3592 | D:4      | Noticed an ogre
  3595 | D:4      | Killed an ogre
  3596 | D:4      | Reached XP level 6. HP: 39/39 MP: 6/6
  3911 | D:5      | Entered Level 5 of the Dungeon
  3911 | D:5      | Noticed an orc warrior
  4041 | D:5      | Reached skill level 9 in Stealth
  4547 | D:5      | Reached XP level 7. HP: 31/45 MP: 7/7
  4728 | D:5      | Found Suof's CLEARANCE SALE! EVERYTHING MUST GO!.
  4733 | D:5      | Bought a scroll of identify for 12 gold pieces
  4734 | D:5      | Identified 2 scrolls of acquirement
  4734 | D:5      | Acquired the +3 Elemental Staff {rElec rF++ rC++ Will++
                  | AC+5}
  4734 | D:5      | Found the +3 Elemental Staff {rElec rF++ rC++ Will++ AC+5}
  4737 | D:5      | Acquired a manual of Stealth
  4800 | D:5      | Reached skill level 10 in Stealth
  5037 | D:5      | Reached skill level 1 in Evocations
  5843 | D:5      | Reached XP level 8. HP: 50/50 MP: 8/8
  6187 | D:5      | Found a blossoming altar of Fedhas.
  6303 | D:5      | Reached skill level 5 in Staves
  6413 | D:5      | Found a snail-covered altar of Cheibriados.
  7142 | D:6      | Reached skill level 5 in Evocations
  7458 | D:6      | Found an iron altar of Okawaru.
  7730 | D:5      | Bought a +4 ring of evasion for 216 gold pieces
  7866 | D:7      | Reached XP level 9. HP: 54/54 MP: 9/9
  8082 | D:7      | Noticed Joseph
  8094 | D:7      | Killed Joseph
  8172 | D:7      | Noticed Pikel
  8187 | D:7      | Killed Pikel
  8257 | D:7      | Noticed Harold
  8269 | D:7      | Killed Harold
  8270 | D:7      | Reached XP level 10. HP: 60/60 MP: 10/10
  8401 | D:7      | Noticed Maggie
  8481 | D:7      | Noticed Prince Ribbit
  8493 | D:7      | Killed Prince Ribbit
  8494 | D:7      | Reached skill level 10 in Staves
  8758 | D:7      | Found a shimmering altar of Xom.
  8761 | D:7      | Found a burning altar of Makhleb.
  8803 | D:7      | Killed Maggie
  8944 | D:7      | Found a broken altar of Ashenzari.
  9008 | D:7      | Found a staircase to the Ecumenical Temple.
  9017 | Temple   | Entered the Ecumenical Temple
  9488 | Temple   | Became a worshipper of Dithmenos the Shadowed
  9710 | D:8      | Acquired a manual of Throwing
  9727 | D:8      | Noticed a +0 dagger
  9727 | D:8      | Noticed a +0 short sword
  9727 | D:8      | Noticed a +0 short sword
  9728 | D:8      | Noticed a +0 spear
  9731 | D:8      | Noticed a +0 falchion
  9732 | D:8      | Noticed a +0 spear
  9768 | D:8      | Noticed a +0 dagger
  9769 | D:8      | Noticed a +0 falchion
  9775 | D:8      | Found a hide-covered altar of Uskayaw.
 10082 | D:8      | Identified the +4 rapier of the Vendetta {protect, Fragile
                  | Int+3 Dex+5}
 10577 | D:8      | Reached skill level 11 in Stealth
 10642 | D:9      | Found a hazy altar of Hepliaklqana.
 10790 | D:9      | Found a white marble altar of Elyvilon.
 10983 | D:9      | Found Gautzaock's Assorted Antiques.
 10996 | D:9      | Bought a scroll labelled ILEISACSOH for 28 gold pieces
 10996 | D:9      | Bought a scroll labelled DALIAX KAGUYSM for 28 gold pieces
 10996 | D:9      | Bought a translucent buckler for 266 gold pieces
 10996 | D:9      | Identified the +0 buckler of Het Odie {rC+ rN+} (You bought
                  | it in a shop on level 9 of the Dungeon)
 11106 | D:9      | Reached * piety under Dithmenos
 11171 | D:9      | Found a staircase to the Orcish Mines.
 11366 | D:10     | Entered Level 10 of the Dungeon
 11430 | D:10     | Reached XP level 11. HP: 64/64 MP: 11/11
 11477 | D:10     | Found a stormy altar of Qazlal.
 11497 | D:10     | Reached skill level 5 in Throwing
 11497 | D:10     | Reached skill level 12 in Stealth
 11724 | D:10     | Reached skill level 1 in Shields
 12037 | D:10     | Found a staircase to the Lair.
 12138 | Lair:1   | Entered Level 1 of the Lair of Beasts
 12228 | Lair:1   | Reached skill level 13 in Stealth
 12268 | Lair:1   | Reached ** piety under Dithmenos
 12725 | Lair:1   | Reached skill level 14 in Stealth
 12725 | Lair:1   | Reached skill level 10 in Evocations
 12733 | Lair:1   | Reached XP level 12. HP: 67/70 MP: 12/12
 13209 | Lair:2   | Noticed a seven-headed hydra
 13340 | Lair:2   | Noticed a five-headed hydra
 13346 | Lair:2   | Killed a five-headed hydra
 13347 | Lair:2   | Reached skill level 15 in Stealth
 13720 | Lair:2   | Found a hole to the Spider Nest.
 13782 | Lair:2   | Found a staircase to the Shoals.
 14082 | Lair:3   | Noticed a seven-headed hydra
 14086 | Lair:3   | Killed a seven-headed hydra
 14087 | Lair:3   | Reached skill level 10 in Throwing
 14128 | Lair:3   | Reached *** piety under Dithmenos
 14634 | Lair:3   | Reached XP level 13. HP: 81/81 MP: 13/13
 14721 | Lair:3   | Reached skill level 5 in Fighting
 14903 | Lair:3   | Reached skill level 5 in Dodging
 15469 | Lair:4   | Reached **** piety under Dithmenos
 16188 | Lair:4   | Found a basalt altar of Yredelemnul.
 16547 | Lair:5   | Reached ***** piety under Dithmenos
 16553 | Lair:5   | Reached skill level 1 in Spellcasting
 16769 | Lair:5   | You fall into a shaft and drop 1 floor!
 16769 | Lair:6   | Entered Level 6 of the Lair of Beasts
 16820 | Lair:5   | Reached XP level 14. HP: 88/88 MP: 16/16
 16950 | Lair:5   | Found a staircase to the Slime Pits.
 17447 | Lair:6   | Reached skill level 15 in Evocations
 17696 | Lair:6   | Reached skill level 5 in Spellcasting
 18407 | Lair:6   | Learned a level 7 spell: Ozocubu's Refrigeration
 18478 | Lair:6   | Reached skill level 1 in Ice Magic
 18760 | Lair:6   | Learned a level 3 spell: Ozocubu's Armour
 19342 | Lair:2   | Reached skill level 16 in Stealth
 19411 | Orc:1    | Entered Level 1 of the Orcish Mines
 19456 | Orc:1    | Found an iron altar of Okawaru.
 19589 | Orc:2    | Entered Level 2 of the Orcish Mines
 19605 | Orc:2    | Reached ****** piety under Dithmenos
 19618 | Orc:2    | Found a staircase to the Elven Halls.
 20152 | Orc:2    | Reached skill level 17 in Stealth
 20168 | Orc:2    | Found Cyoxkis's Assorted Antiques.
 20168 | Orc:2    | Found Wutilifo's General Store.
 20246 | Orc:2    | Found Iceetz's Assorted Antiques.
 20277 | Orc:2    | Found Byzusa's General Store.
 20285 | Orc:2    | Reached XP level 15. HP: 79/92 MP: 26/26
 20491 | Orc:2    | Reached skill level 5 in Ice Magic
 20558 | Orc:2    | Bought a dark potion for 18 gold pieces
 20590 | Orc:2    | Bought a scorched ivory ring for 145 gold pieces
 20590 | Orc:2    | Identified the ring of Fumai {Fly Int+6} (You bought it in
                  | a shop on level 2 of the Orcish Mines)
 20598 | Orc:2    | Bought a scroll of identify for 58 gold pieces
 20598 | Orc:2    | Bought a wand of paralysis (5) for 58 gold pieces
 20598 | Orc:2    | Bought a scroll of identify for 58 gold pieces
 20630 | Orc:2    | Bought a wand of paralysis (11) for 42 gold pieces
 20630 | Orc:2    | Bought a scroll of fear for 73 gold pieces
 20630 | Orc:2    | Bought a scroll of identify for 42 gold pieces
 20630 | Orc:2    | Bought a scroll of identify for 42 gold pieces
 20675 | Orc:1    | Found a runed translucent gate.
 20675 | Orc:1    | Found a runed translucent gate.
 20684 | Orc:1    | Found a runed translucent gate.
 20685 | Orc:1    | Noticed Jisity's ghost (adept HuFi)
 20692 | Orc:1    | Noticed barkas's ghost (journeyman CeMo)
 20692 | Orc:1    | Noticed Potutehi's ghost (journeyman DDFi)
 20920 | Orc:1    | Killed Jisity's ghost
 20926 | Orc:1    | Killed Potutehi's ghost
 20927 | Orc:1    | Reached skill level 18 in Stealth
 20981 | Orc:1    | Killed barkas's ghost
 21267 | D:11     | Found a gate leading to a gauntlet.
 21282 | Gauntlet | Entered a Gauntlet
 21282 | Gauntlet | Found a transporter.
 21282 | Gauntlet | Found a runed translucent gate.
 21282 | Gauntlet | Found a transporter.
 21282 | Gauntlet | Found a runed translucent gate.
 21283 | Gauntlet | Found a runed translucent gate.
 21284 | Gauntlet | Found a transporter.
 21284 | Gauntlet | Found a transporter.
 21287 | Gauntlet | Found a transporter.
 21324 | Gauntlet | Found a transporter.
 21327 | Gauntlet | Found a transporter.
 21327 | Gauntlet | Found a transporter.
 21349 | Gauntlet | Found a transporter.
 21357 | Gauntlet | Found a transporter.
 21366 | Gauntlet | Found a runed translucent door.
 21367 | Gauntlet | Found a transporter.
 21368 | Gauntlet | Found a runed translucent door.
 21381 | Gauntlet | Found a transporter.
 21403 | Gauntlet | Found a transporter.
 21418 | Gauntlet | Found a transporter.
 21469 | Gauntlet | Identified the ring of Yfulyboa {Ice Int+2 SInv}
 21685 | Gauntlet | Identified the +1 hat of Beogh's Regard {Str+3}
 21759 | Gauntlet | Identified the +0 robe "Wiluih" {Harm *Slow rC+}
 21760 | Gauntlet | Got the Grimoire of the Oath
 21763 | Gauntlet | Got Huodware's Almanac of Translocation
 22005 | D:11     | Found an ancient bone altar of Kikubaaqudgha.
 22675 | D:12     | Reached skill level 19 in Stealth
 22986 | D:13     | Noticed Nessos
 22986 | D:13     | Noticed Rupert
 22986 | D:13     | Found a gate to the Vaults.
 22990 | D:13     | Killed Nessos
 23201 | D:13     | Killed Rupert
 23410 | D:13     | Found a frozen archway.
 23433 | IceCv    | Entered an ice cave
 23659 | IceCv    | Reached skill level 20 in Stealth
 23723 | IceCv    | Reached XP level 16. HP: 98/98 MP: 27/27
 23731 | IceCv    | Learned a level 3 spell: Teleport Other
 23916 | IceCv    | Identified the +0 pair of gloves of Xom's Grace {rC++ rCorr
                  | Str-2 Int+3 SInv}
 24012 | D:13     | Reached skill level 1 in Translocations
 24095 | D:13     | Noticed Snorg
 24109 | D:13     | Killed Snorg
 24741 | D:14     | Reached skill level 10 in Ice Magic
 25494 | D:15     | Entered Level 15 of the Dungeon
 25689 | D:15     | Found a runed translucent door.
 25754 | D:15     | Found a runed translucent door.
 25763 | D:15     | Found the +10 tower shield of Ignorance {rN+ Int-4}
 26075 | D:15     | Found a runed translucent door.
 26080 | D:15     | Found a runed translucent door.
 26092 | D:15     | Found a staircase to the Depths.
 26360 | D:15     | Reached skill level 5 in Translocations
 26547 | D:15     | Noticed Uvinaotu's ghost (journeyman MiFi)
 26548 | D:15     | Noticed a lich
 26653 | D:15     | Noticed a tengu reaver
 26825 | D:15     | Noticed a quicksilver dragon
 26825 | D:15     | a fire giant changed into a quicksilver dragon
 26826 | D:15     | a quicksilver dragon changed into a dire elephant
 26828 | D:15     | Noticed a sphinx
 26828 | D:15     | a dire elephant changed into a sphinx
 27119 | Spider:1 | Entered Level 1 of the Spider Nest
 27720 | Spider:1 | Noticed Nikola
 27735 | Spider:1 | Killed Nikola
 28185 | D:5      | Bought a ring of protection from fire for 150 gold pieces
 28392 | Spider:1 | Reached XP level 17. HP: 103/103 MP: 28/28
 28556 | Spider:2 | Noticed Kirke
 28644 | Spider:1 | Killed Kirke
 30500 | Spider:4 | Entered Level 4 of the Spider Nest
 30636 | Spider:4 | HP: 3/103 [emperor scorpion (19)]
 30861 | Spider:4 | Learned a level 4 spell: Hailstorm
 30866 | Spider:4 | Learned a level 4 spell: Ice Form
 30903 | Spider:3 | Reached skill level 10 in Dodging
 31977 | Spider:4 | Reached skill level 5 in Shields
 32282 | Spider:4 | Reached XP level 18. HP: 61/108 MP: 17/29
 32554 | Spider:4 | Got a gossamer rune of Zot
 32713 | Shoals:1 | Entered Level 1 of the Shoals
 32793 | Shoals:1 | Reached skill level 1 in Conjurations
 33538 | Shoals:1 | Identified the +5 fustibalus "Litsa" {vorpal, rElec Dex+4}
 33952 | Shoals:2 | Found Gatiasch's Armour Emporium.
 34011 | Shoals:2 | Bought a +1 kite shield of poison resistance for 243 gold
                  | pieces
 34782 | Shoals:3 | Reached skill level 5 in Conjurations
 34897 | Shoals:3 | Hit by a silver javelin thrown by a merfolk javelineer

Illustrated notes

Levels and vault maps discovered:
D:1:      amcnicky_arrival_gap_in_the_tavern_cellar, layout_loops_corners,
          serial_glass, glass_columns_b, glass_columns_a, feat_on_display,
          item_on_display_b, due_unseen_surprise, minmay_strange_pillars,
          grunt_decor_fettered, minmay_crystal_room, corexii_leaking_fountain
D:2:      layout_loops_corners, hellmonk_ecumenical_altar_zigzags
D:3:      layout_rooms, minmay_misc_feat_tower, uniq_natasha
D:4:      layout_basic, serial_rivers, chequers_serial_rivers_small_a,
          chequers_serial_rivers_micro_a, chequers_serial_rivers_room_a,
          chequers_serial_rivers_large_b, chequers_serial_rivers_micro_b,
          chequers_serial_rivers_small_a, serial_shops, kennysheep_little_box
D:5:      layout_gridville, lemuel_tele_altar, overflow_temple_1_default,
          serial_undead, serial_undead_f, serial_undead_a, serial_undead_c,
          serial_undead_a, nicolae_shop_clearance
D:6:      layout_basic, kennysheep_mini_moat
D:7:      layout_loops_ring, nicolae_overflow_hidden_temple,
          minmay_temple_entry_butterflies, roderic_three_in_a_row,
          kennysheep_generic_room_4, uniq_maggie, uniq_prince_ribbit1,
          uniq_pikel, uniq_joseph, uniq_harold
D:8:      layout_gridville, nicolae_uskayaw_en_pointe
D:9:      layout_big_octagon, grunt_temple_overflow_open, hiddenorc1_lemuel,
          serial_shops, shop, fountainhead, chequers_serial_rivers_small_3,
          minmay_misc_feat_nine_boxes, minmay_misc_feat_plants, eino_curves_02,
          serial_bayou_crossing
D:10:     layout_basic, old_standard_altar, grunt_lair_entry_orc_guard_hut
D:11:     layout_cave_pools, gauntlet_entry_generic, kennysheep_vampire_church
D:12:     layout_small_grid
D:13:     layout_cave_pools, david_vaults_3,
          portal_ice_cave_entry_ice_simulacra, chequers_jeans, uniq_snorg
D:14:     layout_irregular_city, infiniplex_staircase_pool_1,
          serial_bayou_pond_e, minmay_starry_boxes
D:15:     hangedman_depths_entry_civil_slaughter, layout_basic,
          muffindrake_ghost_dual_entry, serial_bayou_shore_b,
          chequers_guarded_unrand_ignorance
Temple:   minmay_temple_forest_path
Lair:1:   layout_loops_ring, serial_bayou_shore_a, grunt_megastairs_2,
          infiniplex_staircase_pool
Lair:2:   layout_regular_city, shoals_dummy_entry,
          nicolae_spider_entry_non_spiders
Lair:3:   nzn_winding_woodlands_medium [nzn_winding_woodlands_5x5_perimeter,
          nzn_winding_woodlands_5x15_default,
          nzn_winding_woodlands_5x5_open_star,
          nzn_winding_woodlands_5x5_default, nzn_winding_woodlands_center_lodge,
          nzn_winding_woodlands_5x5_cross, nzn_winding_woodlands_5x5_three,
          nzn_winding_woodlands_5x15_crooked,
          nzn_winding_woodlands_5x5_checkerboard], layout_chaotic_city,
          grunt_megastairs_3
Lair:4:   regret_index_combs_of_tragedy, layout_hall_layers,
          serial_bayou_pond_e, lemuel_centaur_altar
Lair:5:   layout_gridlike, minmay_slime_entry_eyes
Lair:6:   minmay_lair_end_enchanted_forest, layout_regular_city,
          grunt_megastairs_5
Shoals:1: layout_shoals, nicolae_shoals_enchanted_isle
Shoals:2: layout_shoals, nicolae_stop_n_shop_1
Shoals:3: cheibrodos_shoals_roost, layout_shoals, serial_shops,
          nicolae_shop_waterfront
Spider:1: layout_spider_delve, nicolae_spider_swamp_cousins, uniq_rupert,
          uniq_nikola
Spider:2: layout_spider_delve, guppyfry_spider_mini_2, uniq_kirke
Spider:3: layout_spider_delve, nicolae_spider_webs_and_nodes,
          nicolae_spider_nook
Spider:4: guppyfry_spider_rune, special_room [special_room_bee], drop_trap
Orc:1:    layout_diamond_mine, gammafunk_ghost_cemetery,
          okawaru_metal_pillars_1_2
Orc:2:    st_orc_town, layout_caves

Skill      XL: |  1  2  3  4  5  6  7  8  9 10 11 12 13 14 15 16 17 18 |
---------------+-------------------------------------------------------+-----
Stealth        | 6 7 8 9 10 11 14 15 17 20 | 20.0
Short Blades   | 3 4 |  4.3
Staves         | 3 6 9 11 12 | 12.0
Evocations     | 2 5 7 8 10 11 14 15 | 15.0
Throwing       | 4 7 11 12 | 12.3
Shields        | 4 5 8 |  8.1
Dodging        | 4 5 8 10 | 10.0
Fighting       | 4 5 |  5.0
Spellcasting   | 1 7 |  7.4
Ice Magic      | 4 9 11 13 14 | 14.0
Translocations | 6 9 |  9.7
Conjurations   | 5 |  5.3

Action                   |  1- 3 |  4- 6 |  7- 9 | 10-12 | 13-15 | 16-18 || total
-------------------------+-------+-------+-------+-------+-------+-------++-------
Melee: Dagger            |    35 |    90 |    10 |       |       |       ||   135
       Constrict         |     6 |    16 |    30 |    43 |   131 |   185 ||   411
       Tentacles         |     3 |    19 |    34 |   107 |   212 |   323 ||   698
       Staff             |       |       |   173 |   461 |  1042 |  1233 ||  2909
       Unarmed           |       |       |       |       |       |    27 ||    27
Throw: Boomerang         |       |       |    13 |    57 |   105 |    33 ||   208
       Dart              |       |       |    14 |   102 |   169 |   136 ||   421
       Throwing net      |       |       |     1 |     2 |     4 |       ||     7
       Javelin           |       |       |       |       |     9 |     7 ||    16
 Cast: Ozocubu's Armour  |       |       |       |       |     3 |     2 ||     5
       Teleport Other    |       |       |       |       |       |     6 ||     6
       Hailstorm         |       |       |       |       |       |     8 ||     8
       Ice Form          |       |       |       |       |       |     1 ||     1
Invok: Shadow Step       |       |       |       |       |       |     1 ||     1
Evoke: Wand              |       |       |     1 |    10 |    25 |     7 ||    43
       Lightning rod     |       |       |       |       |     4 |       ||     4
       Condenser vane    |       |       |       |       |     1 |       ||     1
  Use: Scroll            |     5 |     1 |     3 |     8 |    20 |     5 ||    42
       Potion            |       |     1 |     1 |       |     4 |    12 ||    18
 Stab: Sleeping          |    10 |    14 |    10 |    21 |    68 |    67 ||   190
       Held in net/web   |       |       |     2 |       |     2 |       ||     4
       Distracted        |       |       |       |     4 |     8 |    11 ||    23
       Invisible         |       |       |       |       |     9 |       ||     9
       Paralysed         |       |       |       |       |       |     1 ||     1
Armor: Skin              |       |    19 |    65 |    64 |   119 |   268 ||   535
Dodge: Dodged            |    13 |    53 |   110 |   203 |   543 |  1354 ||  2276
Block: Buckler           |       |       |       |    49 |   139 |   358 ||   546
